 Dungeon Crawl Stone Soup version 0.29.1-2-gbd0b4ee654 (webtiles) character file.

Game seed: 17815331097147819479

63 KittyFluff the Cudgeller (level 4, 0/29 HPs)
             Began as a Gargoyle Berserker on Nov 24, 2022.
             Was a Believer of Trog.
             Slain by Natasha (6 damage)
             ... on level 2 of the Dungeon.
             The game lasted 00:08:19 (2081 turns).

KittyFluff the Cudgeller (Gargoyle Berserker)       Turns: 2081, Time: 00:08:20

Health: 0/29       AC:  5    Str: 20    XL:     4   Next: 10%
Magic:  4/4        EV: 12    Int:  8    God:    Trog [**....]
Gold:   106        SH:  0    Dex: 17    Spells: 3/3 levels left

rFire   . . .      SeeInvis .   a - +0 mace
rCold   . . .      Faith    .   (no shield)
rNeg    + . .      Spirit   .   b - +0 animal skin
rPois   ∞          Reflect  .   (no helmet)
rElec   +          Harm     .   (no cloak)
rCorr   .          Rampage  .   (no gloves)
Will    .....                   (no boots)
Stlth   ++........              (no amulet)
HPRegen 0.09/turn               m - +6 ring of dexterity
MPRegen 0.09/turn               (no ring)

@: slowed, very slow
A: sickness immunity, AC +3, negative energy resistance 1, electricity
resistance, torment resistance 1, petrification resistance
a: Renounce Religion, Berserk, Trog's Hand


You were on level 2 of the Dungeon.
You worshipped Trog.
Trog was pleased with you.
You visited 1 branch of the dungeon, and saw 2 of its levels.

You collected 106 gold pieces.

Inventory:

Hand Weapons
 a - a +0 mace (weapon)
 h - a +0 sling
 j - a +0 whip of venom
Armour
 b - a +0 animal skin (worn)
 c - a +0 leather armour
Jewellery
 m - a +6 ring of dexterity (left hand)
Scrolls
 d - a scroll of noise {unknown}
 e - 4 scrolls of enchant weapon {unknown}
 g - 3 scrolls of identify {unknown}
 l - a scroll of poison {unknown}
Potions
 f - 2 potions of lignification {unknown}
 i - a potion of magic {unknown}
 k - a potion of flight {unknown}


   Skills:
 + Level 3.8 Fighting
 + Level 3.9 Maces & Flails
 * Level 2.7 Armour
 + Level 2.0 Dodging
 + Level 0.1 Stealth


You had 3 spell levels left.
You didn't know any spells.
Your spell library was empty.

Dungeon Overview and Level Annotations

Branches:
Dungeon (2/15)

Altars:

Annotations:
D:2 Natasha


Innate Abilities, Weirdness & Mutations

You are immune to sickness and miasma.
Your stone body is resilient. (AC +3)
You are immune to poison.
You resist negative energy. (rN+)
You are resistant to electric shocks. (rElec)
You are resistant to unholy torment.
You are immune to petrification.


Message History

You miss the quokka.
The quokka bites you but does no damage.
You closely miss the quokka. The quokka closely misses you.
The quokka misses you.
You hit the quokka.
The quokka is almost dead.
The quokka closely misses you.
You sock the quokka!
You kill the quokka!
Trog accepts your kill.
An endoplasm comes into view.
Natasha, Servant of Life and Death comes into view.
The endoplasm quivers.
The endoplasm freezes you.
You are frozen.
You hit the endoplasm.
The endoplasm is moderately wounded.
Natasha mumbles some strange words.
The endoplasm barely misses you.
You barely miss the endoplasm.
The endoplasm is moderately wounded.
The endoplasm barely misses you.
You thump the endoplasm!
You kill the endoplasm!
Trog accepts your kill. Natasha casts a spell at you.
You feel yourself slow down.
You hit Natasha.
Natasha is lightly wounded.
Natasha claws you.
You closely miss Natasha.
Natasha is lightly wounded.
Natasha barely misses you. Natasha claws you.
You hit Natasha but do no damage.
Natasha is lightly wounded.
Natasha claws you!
* * * LOW HITPOINT WARNING * * *
The iron imp grins evilly.
Natasha claws you.
You die...

##.#.#.###.# #.
#.....# #.# #.
#.#.#.###.# .
#....>..... #
##.....###.#
######..........# .
............###
....#######....##
.....5h@......##
#.#########........
#########


You could see an iron imp (summoned) and Natasha.

Vanquished Creatures
  2 adders (D:2)
  A worm (D:2)
  A dart slug (D:2)
  3 endoplasms
  3 giant cockroaches
  4 goblins
  3 hobgoblins
  A jackal (D:1)
  3 quokkas
  3 ball pythons
  3 bats
  3 frilled lizards (D:2)
  5 kobolds
  4 rats
  2 bushes (D:1)
41 creatures vanquished.

Vanquished Creatures (others)
  32 plants (D:1)
32 creatures vanquished.

Grand Total: 73 creatures vanquished

Notes
Turn   | Place    | Note
-------+----------+-------------------------------------------
     0 | D:1      | KittyFluff the Gargoyle Berserker began the quest for the
                  | Orb.
     0 | D:1      | Reached XP level 1. HP: 14/14 MP: 1/1
   285 | D:1      | You fall into a shaft and drop 1 floor!
   307 | D:2      | Reached XP level 2. HP: 18/19 MP: 2/2
  1305 | D:1      | Reached XP level 3. HP: 23/23 MP: 3/3
  1388 | D:2      | Reached ** piety under Trog
  2050 | D:2      | Reached XP level 4. HP: 21/29 MP: 4/4
  2073 | D:2      | Noticed Natasha
  2081 | D:2      | Slain by Natasha

Illustrated notes

Levels and vault maps discovered:
D:1:      minmay_arrival_checkered_box, layout_basic, serial_forest,
          infiniplex_forest_clump_double, infiniplex_forest_clump_cross,
          infiniplex_forest_clump_curved, infiniplex_forest_clump_double,
          infiniplex_forest_end_2, infiniplex_forest_lined_3_way,
          infiniplex_forest_clump_large, infiniplex_forest_end_double,
          infiniplex_forest_lined_corner, minmay_indecisive_spiral
D:2:      layout_loops_ring, minmay_hedge_maze, kennysheep_cross_bottleneck,
          uniq_natasha

Skill      XL: |  1  2  3 |
---------------+----------+-----
Dodging        | 2 |  2.0
Fighting       | |  3.8
Maces & Flails | |  3.9
Armour         | |  2.7
Stealth        | |  0.1

Action                   |  1- 3 |  4- 6 || total
-------------------------+-------+-------++-------
Melee: Mace              |   282 |    11 ||   293
       Punch             |     5 |       ||     5
 Stab: Sleeping          |     1 |       ||     1
Armor: Animal skin       |    41 |     2 ||    43
Dodge: Dodged            |    63 |     7 ||    70
